 Dungeon Crawl Stone Soup version 0.27.0-1-g7a089689b8 (webtiles) character file.

Game seed: 9511260855750693806

98 pkoi the Covered (level 4, -4/37 HPs)
             Began as a Minotaur Artificer on Aug 3, 2021.
             Was a Believer of Trog.
             Slain by a gnoll (6 damage)
             ... on level 3 of the Dungeon.
             The game lasted 00:02:36 (2619 turns).

pkoi the Covered (Minotaur Artificer)               Turns: 2619, Time: 00:02:37

Health: -4/37      AC:  3    Str: 18    XL:     4   Next: 44%
Magic:  3/3        EV: 11    Int:  8    God:    Trog [**....]
Gold:   80         SH:  0    Dex: 10    Spells: 3/3 levels left

rFire    . . .     SeeInvis +   h - +1 war axe
rCold    . . .     Faith    .   (no shield)
rNeg     . . .     Spirit   .   b - +0 leather armour
rPois    .         Reflect  .   (helmet restricted)
rElec    .         Harm     .   (no cloak)
rCorr    .         Rampage  .   (no gloves)
Will     .....                  (no boots)
Stlth    +.........             (no amulet)
HPRegen  0.12/turn              k - ring of see invisible
MPRegen  0.08/turn              (no ring)

@: no status effects
A: horns 2, retaliatory headbutt
a: Renounce Religion, Berserk, Trog's Hand


You were on level 3 of the Dungeon.
You worshipped Trog.
Trog was pleased with you.
You visited 1 branch of the dungeon, and saw 3 of its levels.

You collected 80 gold pieces.

Inventory:

Hand Weapons
 h - a +1 war axe (weapon)
Missiles
 o - 2 javelins
Armour
 b - a +0 leather armour (worn)
Jewellery
 k - a ring of see invisible (left hand)
Wands
 c - a wand of flame (11) (quivered)
 d - a wand of charming (15)
Potions
 f - 2 potions of cancellation {unknown}
 l - 3 potions of curing {unknown}
 m - a potion of flight {unknown}
 p - 2 potions of heal wounds {unknown}
 q - a potion of might
Miscellaneous
 e - a piece from Xom's chessboard (15/15)


   Skills:
 + Level 2.4 Fighting
 * Level 2.6 Axes
 + Level 3.3 Armour
 - Level 1.4 Dodging
 - Level 1.0 Stealth
 + Level 3.2 Evocations


You had 3 spell levels left.
You didn't know any spells.
Your spell library was empty.

Dungeon Overview and Level Annotations

Branches:
Dungeon (3/15)

Altars:
Trog


Innate Abilities, Weirdness & Mutations

You have a pair of horns on your head.
You reflexively headbutt those who attack you in melee.


Message History

The endoplasm quivers.
You hit the endoplasm.
The endoplasm is lightly wounded.
The endoplasm hits you but does no damage.
The endoplasm hits you.
You hit the endoplasm.
The endoplasm is moderately wounded.
The endoplasm hits you but does no damage.
You hit the endoplasm.
You kill the endoplasm!
Trog accepts your kill.
No target in view!
No target in view!
A gnoll is nearby!
A gnoll is nearby!
A gnoll is nearby!
A gnoll is nearby!
The gnoll shouts!
Things that are here:
a +0 short sword; an orc skeleton You hit the gnoll.
The gnoll is lightly wounded.
The gnoll hits you with a +0 flail.
You closely miss the gnoll.
The gnoll is lightly wounded.
The gnoll barely misses you. The gnoll hits you with a +0 flail!
You slash the gnoll!
The gnoll is almost dead.
The gnoll hits you with a +0 flail!
* * * LOW HITPOINT WARNING * * *
You are too injured to fight recklessly!
You are too injured to fight recklessly!
Unknown command.
You are too injured to fight recklessly!
You closely miss the gnoll.
The gnoll is almost dead.
The gnoll hits you with a +0 flail.
* * * LOW HITPOINT WARNING * * *
The gnoll hits you with a +0 flail.
You die...

#.......# #######.####
#[.........#
......[.##.####### #.###
...#
≈................####.....
...# ≈............<...#.^.
... ####..#
≈≈.............).#.##.#..#..
#...
≈≈...............#.##.#.#..
....
≈≈≈#####.##.....@#.##....#
#... ≈≈≈
#.##.....g#.####..#####...
≈≈≈##
#.##.....[g..J[J[........#
≈≈≈≈#
#.####.##.#####..##...#..#
≈≈≈≈# #.
#.......##..######.## ≈≈≈≈#
####.##.##..# #g## ≈≈≈≈# ..#
##..# #J.. ≈≈≈≈# ... ...#
##.# ≈≈≈≈# ..## ###.# #.#


You could see 2 gnolls.

Vanquished Creatures
  A gnoll (D:3)
  2 adders (D:2)
  2 dart slugs
  5 orcs (D:3)
  4 endoplasms
  2 giant cockroaches
  3 goblins
  4 hobgoblins
  A quokka (D:1)
  7 ball pythons
  4 bats
  A frilled lizard (D:3)
  2 kobolds (D:2)
  6 rats
44 creatures vanquished.

Vanquished Creatures (others)
  An orc wizard (D:3)
  A fungus (D:1)
2 creatures vanquished.

Grand Total: 46 creatures vanquished

Notes
Turn   | Place    | Note
-------+----------+-------------------------------------------
     0 | D:1      | pkoi the Minotaur Artificer began the quest for the Orb.
     0 | D:1      | Reached XP level 1. HP: 16/16 MP: 0/0
   664 | D:1      | Reached skill level 1 in Stealth
   880 | D:1      | Reached XP level 2. HP: 23/23 MP: 1/1
  1316 | D:1      | Found a faded altar of an unknown god.
  1327 | D:1      | Became a worshipper of Trog the Wrathful
  1327 | D:1      | Reached * piety under Trog
  1361 | D:2      | Reached skill level 1 in Axes
  1431 | D:2      | Reached XP level 3. HP: 29/29 MP: 2/2
  2105 | D:3      | Reached XP level 4. HP: 8/37 MP: 3/3
  2348 | D:3      | Reached ** piety under Trog
  2619 | D:3      | Slain by a gnoll

Illustrated notes

Levels and vault maps discovered:
D:1:      dpeg_arrival_rhombi, layout_basic,
          shapermc_ecumenical_altar_acropolis, minmay_misc_feat_rugged
D:2:      layout_rooms, minmay_small_reverse_x
D:3:      wander_river, layout_loops_cross, cheibrodos_sewer_entry_bend,
          minmay_distorted

Skill      XL: |  1  2  3 |
---------------+----------+-----
Stealth        | 1 |  1.0
Axes           | 1 2 |  2.6
Evocations     | 3 |  3.2
Fighting       | 2 |  2.4
Armour         | 3 |  3.3
Dodging        | |  1.4

Action                   |  1- 3 |  4- 6 || total
-------------------------+-------+-------++-------
Melee: Club              |    22 |       ||    22
       Headbutt          |     9 |     3 ||    12
       War axe           |    45 |    21 ||    66
Evoke: Wand              |     4 |       ||     4
  Use: Scroll            |     4 |       ||     4
 Stab: Sleeping          |     2 |       ||     2
Armor: Leather armour    |    24 |     5 ||    29
Dodge: Dodged            |    58 |    16 ||    74
